 Dungeon Crawl Stone Soup version 0.30-b1-2-g02819fbbbe (webtiles) character file.

Game seed: 1931948353228640003

32 Arum the Vexing (level 3, -3/27 HPs)
             Began as a Formicid Enchanter on May 10, 2023.
             Slain by a goblin
             ... wielding a +0 club
             ... led by Robin
              (5 damage)
             ... on level 1 of the Dungeon.
             The game lasted 00:03:00 (935 turns).

Arum the Vexing (Formicid Enchanter)                 Turns: 935, Time: 00:03:00

Health: -3/27      AC:  3    Str: 14    XL:     3   Next: 42%
Magic:  6/6        EV: 12    Int: 14    God:
Gold:   44         SH:  0    Dex: 14    Spells: 3/6 levels left

rFire   . . .        h - +0 short sword
rCold   . . .        (no shield)
rNeg    . . .        f - +0 leather armour
rPois   .            (helmet unavailable)
rElec   .            (no cloak)
rCorr   .            (no gloves)
SInv    +            (no boots)
Will    .....        (no amulet)
Stlth   ++           (no ring)
HPRegen 0.24/turn    (no ring)
MPRegen 0.10/turn

%: no passive effects
@: no status effects
A: permanent stasis, dig shafts and tunnels, antennae 3, four strong arms
a: Dig, Shaft Self


You were on level 1 of the Dungeon.
You visited 1 branch of the dungeon, and saw 2 of its levels.

You collected 44 gold pieces.

Inventory:

Hand Weapons
 h - a +0 short sword (weapon)
Armour
 f - a +0 leather armour (worn)
Scrolls
 a - a scroll of teleportation {unknown}
 b - a scroll of fog {unknown}
 e - a scroll of magic mapping {unknown}
 j - a scroll of enchant armour {unknown}
Potions
 c - a potion of invisibility
 d - 3 potions of degeneration {unknown}
 g - 3 potions of heal wounds {unknown}
 i - a potion of magic {unknown}


   Skills:
 + Level 2.0 Fighting
 - Level 1.0 Short Blades
 + Level 2.6 Dodging
 - Level 3.6 Stealth
 - Level 2.1 Spellcasting
 + Level 3.6 Hexes


You had 3 spell levels left.
You knew the following spells:

 Your Spells              Type           Power      Damage    Failure   Level
a - Tukima's Dance        Hex            11%        N/A       21%         3

Your spell library contained the following spells:

 Spells                   Type           Power      Damage    Failure   Level
 Confusing Touch          Hex            11%        N/A       21%         3
 Ensorcelled Hibernation  Hex/Ice        12%        N/A       22%         2
 Magic Dart               Conj           4%         1d3       30%         1
 Dazzling Flash           Conj/Hex       12%        N/A       38%         3
 Call Imp                 Summ           2%         N/A       41%         2
 Mephitic Cloud           Conj/Pois/Air  1%         N/A       65%         3


Dungeon Overview and Level Annotations

Branches:
Dungeon (2/15)

Altars:

Annotations:
D:1 Robin


Innate Abilities, Weirdness & Mutations

You cannot be hasted, slowed, berserked, paralysed or teleported.
You can dig through walls and to a lower floor.
You have a pair of large antennae on your head. (SInv)
Your four strong arms can wield two-handed weapons with a shield.


Message History

Robin is moderately wounded.
Robin roars a battlecry!
The goblin goes into a battle-frenzy!
You barely miss Robin.
Robin is moderately wounded.
Robin throws the goblin at you!
You closely miss Robin.
Robin is moderately wounded.
The goblin closely misses you. Robin closely misses you.
You closely miss Robin.
Robin is moderately wounded.
The goblin closely misses you. Robin closely misses you.
You hit Robin.
Robin is heavily wounded.
The goblin hits you with a +0 club. Robin hits you but does no damage.
You barely miss Robin.
Robin is heavily wounded.
The goblin closely misses you. Robin hits you with a +0 club.
You hit Robin.
Robin is heavily wounded.
The goblin hits you but does no damage. Robin hits you with a +0 club.
You barely miss Robin.
Robin is heavily wounded.
The goblin barely misses you. Robin hits you with a +0 club.
You hit Robin but do no damage.
Robin is heavily wounded.
The goblin closely misses you. Robin barely misses you.
You hit Robin but do no damage.
Robin is heavily wounded.
The goblin hits you with a +0 club.
* * * LOW HITPOINT WARNING * * *
Robin misses you.
You barely miss Robin.
Robin is heavily wounded.
The goblin closely misses you. Robin hits you with a +0 club.
* * * LOW HITPOINT WARNING * * *
You barely miss Robin.
Robin is heavily wounded.
The goblin hits you with a +0 club.
You die...

#..#.# #......###
####....#####.......#.
#...#....##...........
#...#...............##
#...#....##..#......#
#.....##.....##....##
#...#.##.....#####.#
#...#g##.....# #.#
##.##@##.....# #.#
#.##g##.##### #####
#.##..#.# #...
####.###.#.### #8..
#........#...## ##..
#.........##..# #..8
#..g....#..#### ##..
#...)...##.# #..
#...)>..##.###########.8


You could see Robin and a goblin (strong).

Vanquished Creatures
  4 endoplasms (D:1)
  A giant cockroach (D:1)
  7 goblins (D:1)
  A hobgoblin (D:2)
  A quokka (D:1)
  3 ball pythons (D:1)
  A bat (D:1)
  2 frilled lizards (D:1)
  6 kobolds (D:1)
  2 rats (D:1)
28 creatures vanquished.

Notes
Turn   | Place    | Note
-------+----------+-------------------------------------------
     0 | D:1      | Arum the Formicid Enchanter began the quest for the Orb.
     0 | D:1      | Reached XP level 1. HP: 13/13 MP: 3/3
    19 | D:1      | Found a faded altar of an unknown god.
   142 | D:1      | Reached skill level 1 in Fighting
   142 | D:1      | Reached XP level 2. HP: 15/21 MP: 5/5
   403 | D:1      | Reached XP level 3. HP: 19/27 MP: 6/6
   771 | D:2      | Noticed Robin
   818 | D:1      | Learned a level 3 spell: Tukima's Dance
   836 | D:1      | HP: 1/27 [goblin/+0 club[Robin] (6)]
   935 | D:1      | Slain by a goblin

Illustrated notes

Levels and vault maps discovered:
D:1:      elethiomel_arrival_quiet, layout_rooms,
          hellmonk_ecumenical_altar_run_dry
D:2:      layout_basic, serial_aquarium, aquarium_bridge_straight
          [aquarium_subvault_bridge, aquarium_subvault_wall,
          aquarium_subvault_bridge, aquarium_subvault_wall],
          aquarium_window_corridor_3, aquarium_window_fake,
          aquarium_window_fake, aquarium_view_2e, aquarium_view_2c,
          aquarium_balcony_3a, uniq_robin

Skill      XL: |  1  2  3 |
---------------+----------+-----
Dodging        | 2 |  2.6
Fighting       | 1 2 |  2.0
Short Blades   | |  1.0
Stealth        | |  3.6
Spellcasting   | |  2.1
Hexes          | |  3.6

Action                     || total
---------------------------++-------
  Melee: Dagger            ||    69
         Short sword       ||    65
         Punch             ||     1
    Use: Potion            ||     1
   Stab: Sleeping          ||     4
 Armour: Robe              ||    12
         Leather armour    ||    19
  Dodge: Dodged            ||    90
